[Event "Dutch Internet Championship Final"]
[Site "playchess.com #038132"]
[Date "2011.06.18"]
[Round "4.9"]
[White "Jan Smeets"]
[Black "kingloek"]
[Result "0-1"]
[ECO "A07"]
[WhiteElo "2838"]
[BlackElo "2842"]
[PlyCount "76"]
[EventDate "2011.06.18"]
[EventType "match (blitz)"]
[TimeControl "180+3"]

1. Nf3 d5 2. g3 Nf6 3. Bg2 Bf5 4. d3 e6 5. Nbd2 h6 6. O-O Be7 7. Qe1 Bh7 8.
e4 O-O 9. Qe2 c5 10. e5 Nfd7 11. Re1 Nc6 12. Nf1 b5 13. h4 Rc8 14. a3 Qc7 15. N1h2 a5 16. h5 b4 17. axb4 axb4 18. Ng4 Nd4 19. Qd1 Kh8 20. Bf4 b3 21. cxb3 Qb6 22. Nxd4 cxd4 23. Bf1 Nc5 24. b4 Na6 25.
b5 Qxb5 26. Qf3 Bf5 {[%emt
0:00:37] '} 27. Kg2 Rc2 28. Rec1 Rxc1 29. Bxc1 Rc8 30.
Bxh6 Bxg4 31. Qxf7 Bf8 32. Bg5 Nc5 33. h6 Qe8 34. hxg7+ Bxg7 35. Qf4 Qh5 36. f3 Qh3+ 37. Kf2 Qh2+ 38. Bg2 Nxd3+ {[%emt 0:00:02] Jan Smeets resigns  (Lag: Av=0.56s, max=1.9s)}
0-1

[Event "Dutch Internet Championship Final"]
[Site "playchess.com #038132"]
[Date "2011.06.18"]
[Round "4.10"]
[White "kingloek"]
[Black "Jan Smeets"]
[Result "1/2-1/2"]
[ECO "D06"]
[WhiteElo "2859"]
[BlackElo "2821"]
[PlyCount "140"]
[EventDate "2011.06.18"]
[EventType "match (blitz)"]
[TimeControl "180+3"]

1. d4 d5 2. c4 c5 3. dxc5 d4 4. Nf3 Nc6 5. e3 e5 6. exd4 exd4 7. Bd3 Bxc5 8. O-O Nf6 9. Re1+ Be7 10. Bf4 O-O 11. a3 a5 12. Nbd2 Bg4 13.
Qb3 Qd7 14. h3 Bh5 15. Qb5 Bg6 16. Bxg6 hxg6 17. Rad1 a4 18. Ne5 Nxe5 19. Bxe5 Rfd8 20. Nf3 d3 21. Re3 Qxb5 22. cxb5 Rd5 23. b6 Bc5 24. Rexd3 Rxd3 25. Rxd3 Bxb6 26. Bxf6 gxf6 27. Rd7 Rc8 28.
Rxb7 Rc1+ 29. Kh2 Bxf2 30. Rb4 Bc5 31. Rxa4 Bd6+ 32. g3 Rc2+ 33. Kg1 Rxb2 34. g4 Rb3 35. Kg2 Bxa3 36. Rd4 Bc5 37. Rd2 Kg7 38. Rc2 Be3 39. Re2 Bf4 40. Rc2 Kf8 41. Re2 Rc3 42. Kf2 Rc5 43.
Re4 Bc7 44. Re2 f5 45. gxf5 Rxf5 46. Kg2 Rc5 47. Kf2 Kg7 48. Kg2 Rc3 49. Ra2 Kf6 50. Kf2 Kf5 51. Rb2 Bd6 52. Kg2 Kf4 53. Ng1 Rg3+ 54. Kh1 Ra3 55. Rf2+ Kg3 56. Rxf7 Bc5 57. Rf6 g5 58. Rf5 Be7 {[%emt 0:00:25] '} 59. Rf1 Rd3 60. Rf5 Bd8 61. Re5 Rd1 62. Re2 Bb6 63. Rg2+ Kh4 64. Rg4+ Kh5 65. Kh2 Rd2+ 66. Kh1 Rf2 67. Rg2 Rxg2 68. Kxg2 Bxg1 69. Kxg1 g4 70. hxg4+ Kxg4 {[%emt 0:00:01] (Lag: Av=0.97s, max=8.5s)}
1/2-1/2

[Event "Dutch Internet Championship Final"]
[Site "playchess.com #038132"]
[Date "2011.06.18"]
[Round "4.11"]
[White "Jan Smeets"]
[Black "kingloek"]
[Result "0-1"]
[ECO "B90"]
[WhiteElo "2823"]
[BlackElo "2857"]
[PlyCount "104"]
[EventDate "2011.06.18"]
[EventType "match (blitz)"]
[TimeControl "180+3"]

1. e4 c5 2. Nf3 d6 3. d4 cxd4 4. Nxd4 Nf6 5. Nc3 a6 6. Be3 e5 7. Nf3 Be7 8.
Bc4 O-O 9. O-O Nc6 10. Qe2 b5 11. Bb3 Be6 12. Bg5 Nd7 13. Bxe7 Qxe7 14. Nd5 Qd8 15. Rad1 Na5 16. Rd2 Nxb3 17. cxb3 Bxd5 18. Rxd5 Nf6 19. Rd3 Qc7 20. Nh4 g6 21. f4 Qc6 22. Re3 Qc5 {[%emt 0:00:43] '} 23. fxe5 Ng4 24. Rff3 dxe5 25. h3 Nxe3 26. Rxe3 Rad8 27. Kh2 Qc1 28. Qf3 Rd1 29. Kg3 Rf1 30. Qe2 Rd8 31. Nf3 Rfd1 32. Qf2 f6 33. Kh2 Kg7 34. b4 R8d7 35. a3 Rh1+ 36. Kg3 Rhd1 37. Kh2 R1d3 38. Re2 Qf4+ 39. Kg1 Rd1+ 40. Ne1 Qxf2+ 41. Kxf2 R7d2 42. Ke3 Rxe2+ 43.
Kxe2 Rd4 44. Ke3 f5 45. exf5 gxf5 46. Nd3 Kf6 47. Nc5 Rd6 48. g4 h6 49. b3 f4+ 50. Ke4 Rd4+ 51. Kf3 Rd1 52. Nxa6 Rd3+ {[%emt 0:00:02] Jan Smeets
resigns  (Lag: Av=0.76s, max=8.0s)} 0-1